Cogmind - Beta 10.2 @@@ ROGUE MODE // 2020.11.19 @ 01:02:31 // Halloween2020/ForbiddenLore Player: blelm Result: Destroyed by G-34 Mercenary with Small Laser Performance ------------- Evolutions (0) 0 Regions Visited (1) 200 Robots Destroyed (20) 100 Value Destroyed (502) 502 Prototype IDs (0) 0 Alien Tech Used (0) 0 Bonus (0) 0 TOTAL SCORE: 802 Bonus ------- None Cogmind --------- Core Integrity 0/250 Matter 300/300 Energy 250/250 System Corruption 0% Temperature Cool (6) Movement Rolling (110) Ox1 Location -10/Materials Parts ------- > --- POWER (1) -------- Ion Engine > --- PROPULSION (2) --- Light Treads Compact Wheel > --- UTILITY (2) ------ Medium Storage Unit Large Storage Unit > --- WEAPON (2) ------- Small Laser Mining Laser > --- INVENTORY (14) --- Ion Engine Light Treads Compact Wheel High-capacity Battery (400) High-capacity Matter Pod (200) Light Armor Plating Small Laser Light Assault Rifle Mining Laser Peak State ------------ > --- POWER ------------ Ion Engine > --- PROPULSION ------- Light Treads Compact Wheel > --- UTILITY ---------- Small Storage Unit Small Storage Unit > --- WEAPON ----------- EM Pulse Gun EM Pulse Gun > --- INVENTORY -------- Ion Engine Light Treads Compact Wheel Medium Laser [Rating: 7] Favorites ----------- Power Ion Engine Engine Ion Engine Propulsion Light Treads Treads Light Treads Leg Aluminum Leg Wheel Compact Wheel Utility Large Storage Unit Storage Large Storage Unit Weapon Small Laser Energy Gun Small Laser Ballistic Gun Light Assault Rifle Special Weapon Mining Laser Build | -11 -10 ------- Run | Scr Mat Slots Evolved . | . . Power . | . . Propulsion . | . . Utility . | . . Weapon . | . . Parts Attached 16 | 4 12 Power 1 | . 1 Engine 1 | . 1 Core . | . . Reactor . | . . Propulsion 4 | 2 2 Treads 2 | 1 1 Leg . | . . Wheel 2 | 1 1 Hover . | . . Flight . | . . Utility 3 | 1 2 Device . | . . Storage 3 | 1 2 Processor . | . . Hackware . | . . Protection . | . . Artifact . | . . Weapon 8 | 1 7 Energy Gun 4 | 1 3 Energy Cannon . | . . Ballistic Gun 2 | . 2 Ballistic Cannon . | . . Launcher . | . . Special Weapon 2 | . 2 Impact Weapon . | . . Slashing Weapon . | . . Piercing Weapon . | . . Special Melee Weapon . | . . Unidentified Prototypes . | . . Parts Lost 7 | . 7 Power 1 | . 1 Propulsion 2 | . 2 Utility . | . . Weapon 4 | . 4 Highest Loss Streak 3 | . 3 Average Slot Usage (%) 94 | . 94 Engine 13 | . 13 Treads 17 | . 17 Wheel 10 | . 10 Storage 28 | . 28 Energy Gun 14 | . 14 Ballistic Gun 5 | . 5 Special Weapon 3 | . 3 Naked Turns . | . . Heaviest Build 31 | 17 31 Greatest Support 40 | 16 40 Greatest Overweight (x) 1 | 1 1 Average Overweight (x) . | . . Largest Inventory Capacity 14 | 8 14 Average Capacity 12 | 6 12 Most Carried 9 | 6 9 Average Carried 6 | 4 6 Final Capacity 14 | 8 14 Final Carried 9 | 5 9 Class Distribution -------------------- 100% | Mutant Dominant Class ---------------- Mutant | -10/Materials Resources | -11 -10 ----------- Run | Scr Mat Matter Collected 510 | 240 270 Remotely . | . . Salvage Created 687 | 80 607 Parts 40 | 2 38 Haulers Intercepted 1 | . 1 Recyclers Shooed 1 | . 1 Parts Field Recycled . | . . Retrieved Matter . | . . Parts Self-Destructed . | . . Prevented . | . . Kills | -11 -10 ------- Run | Scr Mat Combat Hostiles Destroyed 14 | . 14 Melee 1 | . 1 Guns 13 | . 13 Classes Destroyed 6 | 1 5 Hauler 1 | . 1 Recycler 2 | 1 1 Operator 1 | . 1 Watcher 2 | . 2 Swarmer 3 | . 3 Grunt 11 | . 11 Best Kill Streak 3 | 1 3 Combat Bots Only 3 | . 3 Max Kills in Single Turn 1 | 1 1 Gunslinging . | . . Exploded . | . . Melee 1 | . 1 Uniques/NPCs Destroyed . | . . Combat | -11 -10 -------- Run | Scr Mat Damage Taken 995 | 32 963 Core 251 | . 251 Absorbed by Shields . | . . Core Remaining (%) 100 | 100 . Volleys Fired 66 | 2 64 Largest 2 | 2 2 Hottest 140 | 80 140 Shots Fired 99 | 4 95 Gun 89 | 4 85 Cannon . | . . Launcher . | . . Special 10 | . 10 Kinetic 23 | . 23 Thermal 47 | . 47 Explosive . | . . Electromagnetic 29 | 4 25 Robot Hit Streak 13 | 3 13 Robot Miss Streak 2 | . 2 Penetration Max . | . . Secondary Targets . | . . Shots Hit Robots 72 | 3 69 Core Hits 44 | 2 42 Critical Hits . | . . Critical Kills . | . . Critical Parts Destroyed . | . . Melee Attacks . | . . Impact . | . . Slashing . | . . Piercing . | . . Sneak Attacks . | . . Combat Hostiles . | . . Follow-up Attacks . | . . Damage Inflicted 961 | 81 880 Guns 812 | 57 755 Cannons . | . . Explosions 24 | 24 . Melee . | . . Ramming 29 | . 29 Kinetic 152 | . 152 Thermal 457 | 24 433 Explosive . | . . Electromagnetic 323 | 57 266 Impact . | . . Slashing . | . . Piercing . | . . Highest Corruption . | . . Average Corruption . | . . Corruption Purged . | . . Overload Shots . | . . Overflow Damage . | . . Projectiles . | . . Explosions . | . . Melee . | . . Knockbacks . | . . Impact . | . . Kinetic . | . . Secondary . | . . Self-Inflicted Damage 33 | 32 1 Shots 1 | 1 . Rammed 16 | . 16 Targets Rammed 16 | . 16 Kicked . | . . Crushed . | . . Highest Temperature 196 | 48 196 Average Temperature 47 | 29 47 Received Heat Transfer 471 | . 471 Siege Activations . | . . Robots Corrupted . | . . Combat Hostiles . | . . Parts Fried . | . . Impact Corruptions . | . . Robots Melted . | . . Combat Hostiles . | . . Parts Melted . | . . Heat Transferred 1037 | 100 937 Parts Sabotaged . | . . Parts Stolen . | . . Parts Stripped . | . . Power Chain Reactions 1 | 1 . Missiles Intercepted . | . . Alert | -11 -10 ------- Run | Scr Mat Peak Influence 182 | 5 182 Initial 3 | . 3 Average 72 | 2 73 Maximum Alert Level . | . . Low Security (%) 100 | 100 100 Level 1 . | . . Level 2 . | . . Level 3 . | . . Level 4 . | . . Level 5 . | . . High Security . | . . Max Security . | . . Squads Dispatched 7 | . 7 Investigation 4 | . 4 Extermination . | . . Reinforcement 3 | . 3 Assault . | . . Garrison . | . . Intercept . | . . Construction Impeded . | . . Haulers Reinforced . | . . Stealth | -11 -10 --------- Run | Scr Mat Distress Signals 3 | . 3 Communications Jammed . | . . Distress Signals . | . . Times Spotted 32 | . 32 Peak Tracking Total 5 | . 5 Tactical Retreats 1 | . 1 Traps | -11 -10 ------- Run | Scr Mat Traps Triggered 4 | . 4 Indirectly . | . . Trap Hack Attempts . | . . Triggered . | . . Disarmed . | . . Reprogrammed . | . . Reused . | . . Traps Extracted . | . . Installed . | . . Triggered . | . . Machines | -11 -10 ---------- Run | Scr Mat Machines Disabled 1 | . 1 Max in Single Turn 1 | . 1 Machines Sabotaged . | . . Garrisons Compromised . | . . Overloaded Fab Kills . | . . Fab Network Shutdowns . | . . Hacking | -11 -10 --------- Run | Scr Mat Machines Accessed 4 | . 4 Terminals 4 | . 4 Fabricators . | . . Repair Stations . | . . Recycling Units . | . . Scanalyzers . | . . Garrison Access . | . . Total Hacks 11 | . 11 Successful 5 | . 5 Failed 6 | . 6 Catastrophic . | . . Database Lockouts . | . . Manual 12 | . 12 Terminals 11 | . 11 Fabricators . | . . Repair Stations . | . . Recycling Units . | . . Scanalyzers . | . . Garrison Access . | . . Terminal Hacks 5 | . 5 Part Schematic 1 | . 1 Robot Analysis 2 | . 2 Unreport Threat 1 | . 1 Registered Components 1 | . 1 Fabricator Hacks . | . . Repair Station Hacks . | . . Recycling Unit Hacks . | . . Scanalyzer . | . . Garrison Access Hacks . | . . Unauthorized Hacks . | . . Terminals . | . . Fabricators . | . . Repair Stations . | . . Recycling Units . | . . Scanalyzers . | . . Garrison Access . | . . Data Cores Recovered . | . . Used . | . . Hacking Detections 4 | . 4 Full Trace Events 1 | . 1 Feedback Events . | . . Feedback Blocked . | . . Robot Schematics Acquired . | . . Robots Built . | . . Matter . | . . Time . | . . Total Robot Build Rating . | . . Part Schematics Acquired 1 | . 1 Parts Built . | . . Matter . | . . Time . | . . Total Part Build Rating . | . . Parts Repaired . | . . Time . | . . Parts Recycled . | . . Recycled Matter . | . . Retrieved Matter . | . . Retrieved Components . | . . Parts Scanalyzed . | . . Part Schematics Acquired . | . . Parts Damaged . | . . Bothacking | -11 -10 ------------ Run | Scr Mat Used RIF Installer . | . . Robots Hacked . | . . Non-combat . | . . Combat . | . . Robot Hacks Applied . | . . Relay Couplers Released . | . . Robots Rewired . | . . Allies Hacked . | . . Hacks Repelled . | . . Allies | -11 -10 -------- Run | Scr Mat Total Allies . | . . Largest Group . | . . Highest-Rated Group . | . . Highest-Rated Ally . | . . Total Orders . | . . Ally Attacks . | . . Total Damage . | . . Kills . | . . Allies Corrupted . | . . Allies Melted . | . . Intel | -11 -10 ------- Run | Scr Mat Robot Analysis Total 2 | . 2 Derelict Logs Recovered . | . . Drone Launches . | . . Drone Recoveries . | . . Exploration | -11 -10 ------------- Run | Scr Mat Turns Passed 1111 | 19 1092 Spaces Moved 624 | 6 618 Core . | . . Treads 237 | . 237 Legs . | . . Wheels 387 | 6 381 Hover . | . . Flight . | . . Fastest Speed 100 | 100 110 Average Speed 132 | 106 133 Slowest Speed 180 | 110 180 Overloaded Moves . | . . Propulsion Burnouts . | . . Robots Hopped . | . . Cave-ins Triggered . | . . Exploration Rate (%) 45 | 2 88 Regions Visited 1 Branch Regions . Pre-discovered Areas . | . . Known Exits Taken . | . . Unknown Exits Taken 1 | 1 . Scrap Searched . | . . Spaces Dug 4 | . 4 Terrain Destroyed 6 | . 6 Melee . | . . Projectile 6 | . 6 AOE . | . . Terrain Rammed . | . . Walls Destroyed . | . . Machines Disabled . | . . Actions | -11 -10 --------- Run | Scr Mat Total 777 | 14 763 Wait 41 | . 41 Move 623 | 5 618 Hop . | . . Pick Up 10 | 1 9 Fast Attach 4 | 1 3 Attach 6 | 2 4 Detach . | . . Swap 6 | 1 5 Drop 5 | 2 3 Fire 66 | 2 64 Melee . | . . Ram 1 | . 1 Kick . | . . Crush 15 | . 15 Escape Stasis . | . . Rewire . | . . Trap . | . . Miscellaneous . | . . Route ------- -11/Scrapyard -10/Materials (discovered 2 exits: [*Mat] / [*Min]) History --------- Turn | Location | Event 12 | -11/Scrapyard | Discovered new exit (range 3) 20 | -11/Scrapyard | Entered Materials 84 | -10/Materials | Discovered new exit (range 12) 207 | -10/Materials | Lost 3 parts (3w) 273 | -10/Materials | Discovered new exit (range 15) 306 | -10/Materials | Build established: Mutant 424 | -10/Materials | Core integrity fell below 50% 782 | -10/Materials | Lost 3 parts (1p1n1w) 1102 | -10/Materials | Core integrity fell below 20% 1112 | -10/Materials | Destroyed by G-34 Mercenary with Small Laser Last Messages --------------- 00930_ K-01 Serf cleans the Matter Pump. 00931_ R-06 Scavenger collects Hcp. Battery. 00932_ K-01 Serf collects debris. 00934_ R-06 Scavenger collects Aluminum Leg. 00935_ K-01 Serf collects debris. 00937_ R-06 Scavenger collects Lgt. Ion Engine. 00939_ R-06 Scavenger collects Hcp. Battery. 00961_ K-01 Serf cleans the Matter Pump. 00976_ K-01 Serf cleans the Machine. 00990_ Triggered Alarm Trap. 00990_ An alarm sounds. 00990_ ALERT: Alarm triggered, dispatching investigation squad. 01007_ O-16 Technician destroyed. 01008_ K-01 Serf collects debris. 01039_ Triggered Alarm Trap. 01039_ An alarm sounds. 01039_ ALERT: Alarm triggered, dispatching investigation squad. 01062_ U-05 Engineer lays Concrete. 01072_ K-01 Serf cleans the Repair Station. 01109_ Slammed into G-34 Mercenary. Map ----- +----------------------------------------------------+ | ??????????????????# ## #??# #??????? | | ??????????????????+ #####+###########+########## | | ####??????????????# %% | | #??????????????# % | | "" #?????#######??# | | "" ####### """ #####+##### ###+#############+### | | "" # # "Y" # # # #?# # | | # # # = # # #?# # | | + + """ # % # # #?# # | | # # """ # """ """ # # #?# """ # | | # # """ # """ """ +% # #?# """""# | | ""## ## # """ """ # + #?# """""# | | T"## ## """ # # ### #?# """""# | | ""## ## """ # %% # #?# !#?# """ # | | ## ## """ #+######+## #?# #?# ????? | | ##### ## # #????#%## #?##########?#/#?#+#??? | | ????# ## # ######u##+#########????# ### ##?? | | ????# #####+## #"""# # #????# ### | | ###?# #???# #"T"# %# #????# ! | | # #???# + #????# | | """ # #???# # #????# | | """ / #???# """" ##############?# """ | | """ # #???# """" ##### ### """ | | # #???# k """" % """ | | ?# ##### < % | | ##### @ ro | | # ############# #####" "##### """ | | """ # # T #???##g%g##???#" "| "#???## """ | | "Y" / + #????# #????#"""""""#????# """ | | # # #????#g #????#########????# | | # #########????# #?????????######### | | =# %#???????????## ##????????# # """ | | ### # #???????????# ######???# """ # """ | | ??# # #???????????# #???# """ # """ | | ??### #???????????# #???# """ + | | ????# +???????????# #???#[ # | | ????# #???????????# ## #???######### | | ????# #???????????### #### #??????????# | | ????# #???????#######+#### ############ | | ????# #???????# ## ## ## "T" | | ????# #???????# """ """ ## ## ?# | | ????# #???????# """ """ # # """ ?# | | ????+ #???????# """ """ # # """"" ?######## | | ????? #???????# + + """"" #???????? | | ????? #???????# # # """"" #???????? | | ????? #???????# # # """ #???????? | | ????? ????????# ### ### #???????? | | ????????????????###########?# #?# #???????? | | ?????????????????????????#### ###+#########??????? | | ?????????????????????????# # ==!#??????? | +----------------------------------------------------+ Best States ------------- Heat Dissipation 25 Energy Generation 10 Energy Capacity 250 Matter Stores 300 Matter Capacity 300 Sight Range 16 Terrain Scan Density 10 Evasion (%) 40 Recoil Reduction 2 Item Schematics ----------------- Hcp. Storage Unit | -10/Materials | Hacked Robot Schematics ------------------ None Fabricated ------------ Nothing Alien Tech Used ----------------- None Achievements -------------- None Challenges ------------ None Game ------ Seed FireIonLog Manual? 0 Play Time 00:10:22 Cumulative 156.1 hours Start 2020.11.19 @ 00:57:07 End 2020.11.19 @ 01:02:31 Sessions 1 Manual Loads 0 Difficulty Rogue Special Mode Halloween2020/ForbiddenLore Game No. 80 Rogue 80 Adventurer 0 Explorer 0 Win Type - Total 1 Types 1/0/0/0/0/0/0/0/0 Lore% 54 Gallery% 62 Achievement% 49 Wizard Run 0 Options --------- ASCII 1 Keyboard 1 Movement Vi Keybinds 0 Fullscreen 1 Font 16/Terminus Map View 75x55 Tactical HUD 1 Map Filters NONE Filters NONE Steam 1 RUN: ef7a068d-d085-46e6-af9d-af8753909e0b